 Dungeon Crawl Stone Soup version 0.30-b1-2-g02819fbbbe (webtiles) character file.

Game seed: 11983225306355331872

43 Lolow the Firebug (level 3, 0/24 HPs)
             Began as a Human Fire Elementalist on May 17, 2023.
             Slain by a cerulean imp
             ... wielding a +1 spear
             ... summoned by Natasha
              (3 damage)
             ... on level 2 of the Dungeon.
             The game lasted 00:07:02 (1316 turns).

Lolow the Firebug (Human Fire Elementalist)         Turns: 1316, Time: 00:07:03

Health: 0/24       AC:  3    Str: 10    XL:     3   Next: 82%
Magic:  3/6        EV: 12    Int: 15    God:
Gold:   64         SH:  0    Dex: 13    Spells: 3/6 levels left

rFire   . . .        e - +0 dagger
rCold   . . .        (no shield)
rNeg    . . .        a - +1 robe
rPois   .            (no helmet)
rElec   .            (no cloak)
rCorr   .            (no gloves)
SInv    .            (no boots)
Will    .....        (no amulet)
Stlth   +            (no ring)
HPRegen 0.24/turn    (no ring)
MPRegen 0.10/turn

%: no passive effects
@: silenced, slowed, very slow
A: no striking features
a: no special abilities


You were on level 2 of the Dungeon.
You visited 1 branch of the dungeon, and saw 2 of its levels.

You collected 64 gold pieces.

Inventory:

Hand Weapons
 e - a +0 dagger (weapon)
Armour
 a - a +1 robe (worn)
Scrolls
 j - a scroll of teleportation {unknown}
Potions
 b - a potion of magic
 c - a potion of attraction {unknown}
 d - a potion of mutation {unknown}
 g - 2 potions of heal wounds {unknown}
 i - a potion of resistance {unknown}
 k - a potion of cancellation {unknown}


   Skills:
 + Level 0.8 Short Blades
 + Level 2.1 Dodging
 + Level 2.3 Stealth
 + Level 2.4 Spellcasting
 + Level 1.0 Conjurations
 + Level 3.6 Fire Magic


You had 3 spell levels left.
You knew the following spells:

 Your Spells              Type           Power      Damage    Failure   Level
a - Foxfire               Conj/Fire      32%        2x1d5     9%          1
b - Scorch                Fire           24%        2d6       7%          2

Your spell library contained the following spells:

 Spells                   Type           Power      Damage    Failure   Level
 Apportation              Tloc           2%         N/A       22%         1
 Inner Flame              Hex/Fire       7%         N/A       30%         3
 Volatile Blastmotes      Fire/Tloc      14%        2d11      30%         3
 Flame Wave               Conj/Fire      8%         2d5       63%         4
 Alistair's Intoxication  Tmut/Pois      0%         N/A       99%         5


Dungeon Overview and Level Annotations

Branches:
Dungeon (2/15)

Altars:

Shops:
D:1 *

Annotations:
D:2 Natasha


Message History

The cerulean imp hits you from afar with a +2 spear.
Your foxfire dissipates!
Natasha is no longer more vulnerable to fire.
Natasha stares at you and mumbles some strange words.
You feel yourself slow down. Natasha casts a spell at you.
The magic dart hits you!
The cerulean imp hits you from afar with a +2 spear.
* * * LOW HITPOINT WARNING * * *
You hit Natasha but do no damage.
Natasha is moderately wounded.
Natasha barely misses you. The cerulean imp barely misses you.
You closely miss Natasha.
Natasha is moderately wounded.
Natasha closely misses you. The cerulean imp closely misses you.
Natasha claws you.
* * * LOW HITPOINT WARNING * * *
The cerulean imp barely misses you.
You feel better.
The cerulean imp disappears in a puff of smoke!
Natasha barely misses you.
Casting: Foxfire (safe; 9% risk of failure)
Confirm with . or Enter, or press ? or * to list all spells.
You conjure some foxfire!
Natasha mumbles some strange words.
Natasha claws you.
You hit Natasha.
Natasha is heavily wounded.
The foxfire hits Natasha.
Natasha is heavily wounded.
The foxfire hits Natasha.
Natasha is almost dead.
Natasha closely misses you.
The cerulean imp hits you from afar with a +1 spear.
* * * LOW HITPOINT WARNING * * *
As you read the scroll labelled YJEULI FIRIG, it crumbles to dust.
A profound silence engulfs you.
It was a scroll of silence.
Natasha claws you.
* * * LOW HITPOINT WARNING * * *
The cerulean imp hits you from afar with a +1 spear.
You die...

#.#.# #.#.#
...########.#.#####
#................#
######.###.#####>#
#.# #.# #.###.#.#
.##########.ยง......
..........h@###....
.##########.# ###.#
#5# #.# .# #.#
#.###.# ...
......###
#######..(....
#........#
##........#
####.........##


You could see Natasha and a cerulean imp (summoned).

Vanquished Creatures
  An adder (D:2)
  A worm (D:2)
  A dart slug (D:2)
  3 endoplasms
  A giant cockroach (D:1)
  3 goblins
  4 hobgoblins
  A quokka (D:2)
  3 ball pythons (D:1)
  2 bats
  3 frilled lizards
  4 kobolds
  2 rats (D:2)
29 creatures vanquished.

Vanquished Creatures (others)
  36 foxfires
36 creatures vanquished.

Grand Total: 65 creatures vanquished

Notes
Turn   | Place    | Note
-------+----------+-------------------------------------------
     0 | D:1      | Lolow the Human Fire Elementalist began the quest for the
                  | Orb.
     0 | D:1      | Reached XP level 1. HP: 13/13 MP: 3/3
    67 | D:1      | Found Dehygag's Assorted Antiques.
   187 | D:1      | Reached XP level 2. HP: 19/19 MP: 3/5
   839 | D:2      | Reached XP level 3. HP: 13/24 MP: 3/6
   885 | D:2      | Learned a level 2 spell: Scorch
  1298 | D:2      | Noticed Natasha
  1316 | D:2      | Slain by a cerulean imp

Illustrated notes

Levels and vault maps discovered:
D:1:      lemuel_arrival_hallway, layout_loops_ring, serial_shops, shop,
          minmay_misc_feat_chi, minmay_misc_feat_five
D:2:      layout_loops_ring, uniq_natasha

Action                     || total
---------------------------++-------
  Melee: Dagger            ||    72
         Punch             ||     2
   Cast: Foxfire           ||    22
         Scorch            ||     2
    Use: Scroll            ||     3
         Potion            ||     2
   Stab: Sleeping          ||     3
 Armour: Robe              ||     9
  Dodge: Dodged            ||    51
